 Dungeon Crawl Stone Soup version 0.20.1-1-g8b1a95d (console) character file.

2980 Kloppie the Spear-Bearer (level 9, -4/78 HPs)
             Began as a Minotaur Gladiator on July 11, 2017.
             Was a Priest of Okawaru.
             Slain by an orc warrior
             ... wielding a +0 glaive
              (15 damage)
             ... on level 7 of the Dungeon.
             The game lasted 00:08:45 (6252 turns).

Kloppie the Spear-Bearer (Minotaur Gladiator)       Turns: 6252, Time: 00:08:45

Health: -4/78      AC: 15    Str: 21    XL:     9   Next: 53%
Magic:  7/8        EV:  8    Int:  5    God:    Okawaru [***...]
Gold:   276        SH:  0    Dex: 13    Spells: 8/8 levels left

rFire    + . .     SeeInvis .   a - +0 trident
rCold    . . .     Gourm    .   (no shield)
rNeg     + . .     Faith    .   D - +0 plate armour
rPois    .         Spirit   .   n - +1 hat "Unippeq" {*Contam rElec rF+ rN+}
rElec    +         Reflect  .   (no cloak)
rCorr    +         Harm     .   (no gloves)
MR       .....                  (no boots)
Stlth    ..........             (no amulet)
Regen    0.3/turn               (no ring)
MPRegen  0.2/turn               v - ring of resist corrosion

@: no status effects
A: retaliatory headbutt, horns 2
a: Heroism, Renounce Religion


You were on level 7 of the Dungeon.
You worshipped Okawaru.
Okawaru was most pleased with you.
You were not hungry.

You visited 2 branches of the dungeon, and saw 8 of its levels.

You collected 276 gold pieces.

Inventory:

Hand Weapons
 a - a +0 trident (weapon)
 A - a +0 halberd
Missiles
 d - a throwing net (quivered)
Armour
 n - the +1 hat "Unippeq" (worn) {*Contam rElec rF+ rN+}
   (You found it on level 5 of the Dungeon)

   It protects you from fire.
   It insulates you from electricity.
   It protects you from negative energy.
   It causes magical contamination when unequipped.
 D - a +0 plate armour (worn)
Jewellery
 o - an uncursed ring of ice
 v - a ring of resist corrosion (right hand)
Wands
 z - a wand of confusion (48/48)
 C - a wand of acid (7/15)
Scrolls
 m - 2 scrolls of remove curse
 q - a scroll of recharging
 r - 2 scrolls of teleportation
 E - 2 scrolls of identify
Potions
 c - 2 potions of berserk rage {unknown}
 e - a potion of lignification
 g - 2 potions of resistance
 i - 6 potions of curing
 j - 2 potions of brilliance
 l - 3 potions of flight
 s - a potion of heal wounds {unknown}
 t - 2 potions of mutation {unknown}
 u - 3 potions of degeneration {unknown}
 x - a potion of cancellation {unknown}
Comestibles
 b - 4 chunks of flesh
 f - 7 bread rations
 h - 3 royal jellies
 k - 10 meat rations
 p - 4 fruits


   Skills:
 - Level 6.5 Fighting
 + Level 11.5 Polearms
 - Level 2.0 Throwing
 + Level 9.5 Armour
 - Level 3.2 Dodging


You had 8 spell levels left.
You didn't know any spells.

Dungeon Overview and Level Annotations

Branches:
Dungeon (7/15)             Temple (1/1) D:4

Altars:
Ashenzari
Dithmenos
Elyvilon
Gozag
Hepliaklqana
Kikubaaqudgha
Makhleb
Nemelex Xobeh
Okawaru
Qazlal
Sif Muna
Trog
Uskayaw
Vehumet
Xom
Yredelemnul
Zin
The Shining One

Shops:
D:4 *


Innate Abilities, Weirdness & Mutations

You reflexively headbutt those who attack you in melee.
You have a pair of horns on your head.


Message History

You hit the orc warrior.
The orc warrior is moderately wounded.
You feel like a meek peon again.
You completely miss the orc warrior.
The orc warrior is moderately wounded.
The orc warrior hits you with a glaive!
* * * LOW HITPOINT WARNING * * *
You hit the orc warrior.
The orc warrior is heavily wounded.
You feel better. The orc warrior closely misses you.
You barely miss the orc warrior.
The orc warrior is heavily wounded.
The orc warrior hits you with a glaive.
* * * LOW HITPOINT WARNING * * *
You barely miss the orc warrior.
The orc warrior is heavily wounded.
You closely miss the orc warrior.
The orc warrior is heavily wounded.
The orc warrior hits you with a glaive!
You die...

....... ##.#.. [....
#..#.# #...# #.##.#
#... ##.##.# #†)# .
#.....# #..# ..##.##.#
#..# .....##.# #†o#
..#..)... #@)## ...
#...... #...##
..######... .####....#
###.......#
.........#####..#######
#.###....##.......#
#........##.#..#
#..........###..#
#........##.# ..#
###...##.# .#..#


You could see an orc warrior.

Vanquished Creatures
  Pikel (D:6)
  2 orc warriors (D:6)
  A water moccasin (D:6)
  A black bear (D:7)
  An ice beast (D:5)
  2 ogres (D:6)
  A phantom (D:7)
  3 sky beasts
  2 bullfrogs
  A gnoll sergeant (D:6)
  A wyvern skeleton (D:6)
  3 scorpions
  4 howler monkeys
  An electric eel (D:6)
  A crimson imp (D:5)
  4 hounds
  6 orc priests
  2 bullfrog skeletons
  A jelly (D:7)
  4 orc wizards (D:6)
  Jessica (D:2)
  Terence (D:2)
  3 worker ants
  A worker ant zombie (D:5)
  9 gnolls
  3 adders
  2 shadow imps (D:5)
  An ooze (D:5)
  An adder zombie (D:5)
  A worm (D:3)
  3 dart slugs (D:2)
  3 leopard geckos
  23 orcs
  A ball python (D:3)
  9 giant cockroaches
  4 goblins (D:2)
  6 hobgoblins
  4 kobolds
  5 quokkas
  5 bats
  6 frilled lizards
  A leopard gecko skeleton (D:4)
  4 rats
139 creatures vanquished.

Vanquished Creatures (others)
  A slave (D:6)
  2 orcs (D:6)
3 creatures vanquished.

Grand Total: 142 creatures vanquished

Notes
Turn   | Place    | Note
-------+----------+-------------------------------------------
     0 | D:1      | Kloppie the Minotaur Gladiator began the quest for the Orb.
     0 | D:1      | Reached XP level 1. HP: 18/18 MP: 0/0
   403 | D:1      | Reached skill level 4 in Polearms
   403 | D:1      | Reached XP level 2. HP: 14/25 MP: 1/1
   594 | D:2      | Noticed Jessica
   613 | D:2      | Killed Jessica
   613 | D:2      | Reached XP level 3. HP: 30/31 MP: 2/2
   931 | D:2      | Noticed Terence
   944 | D:2      | Killed Terence
   944 | D:2      | Reached skill level 5 in Polearms
   944 | D:2      | Reached XP level 4. HP: 20/40 MP: 3/3
  1435 | D:4      | Reached skill level 1 in Armour
  1576 | D:3      | Found a stormy altar of Qazlal.
  1654 | D:4      | Reached XP level 5. HP: 28/46 MP: 4/4
  2408 | D:4      | Reached skill level 6 in Polearms
  2408 | D:4      | Reached XP level 6. HP: 42/52 MP: 5/5
  2476 | D:4      | Found Fozasm's Elemental Accessories.
  2652 | D:4      | Found a staircase to the Ecumenical Temple.
  2670 | Temple   | Entered the Ecumenical Temple
  2897 | Temple   | Became a worshipper of Warmaster Okawaru
  3139 | D:4      | Reached skill level 7 in Polearms
  3139 | D:4      | Reached skill level 5 in Armour
  3353 | D:5      | Entered Level 5 of the Dungeon
  3379 | D:5      | Got a distressingly furry hat
  3390 | D:5      | Identified the +1 hat "Unippeq" {*Contam rElec rF+ rN+} (You found it on level 5 of the Dungeon)
  3407 | D:5      | Reached XP level 7. HP: 58/59 MP: 6/6
  3409 | D:5      | Got a faintly glowing amber ring
  3410 | D:5      | Identified the ring "Teucry Nonism" {*Slow rElec MR+ Int+4 SInv} (You found it on level 5 of the Dungeon)
  3650 | D:5      | Reached * piety under Okawaru
  3794 | D:5      | Found an ancient bone altar of Kikubaaqudgha.
  3920 | D:5      | Reached skill level 8 in Polearms
  4400 | D:5      | Found an opulent altar of Gozag.
  4883 | D:6      | Reached skill level 5 in Fighting
  4900 | D:6      | Reached XP level 8. HP: 67/68 MP: 7/7
  4970 | D:6      | Reached skill level 9 in Polearms
  5271 | D:6      | Noticed Pikel
  5294 | D:6      | Killed Pikel
  5294 | D:6      | Reached ** piety under Okawaru
  5294 | D:6      | Reached skill level 10 in Polearms
  5371 | D:6      | Reached XP level 9. HP: 69/78 MP: 8/8
  5438 | D:6      | Reached *** piety under Okawaru
  5438 | D:6      | Received a gift from Okawaru
  5892 | D:6      | Reached skill level 11 in Polearms
  6252 | D:7      | Slain by an orc warrior

Skill      XL: |  1  2  3  4  5  6  7  8  9 |
---------------+----------------------------+-----
Polearms       | 4 5 6 7 8 10 11 | 11.5
Fighting       | 3 4 5 6 |  6.5
Armour         | 1 3 5 6 7 9 |  9.5
Throwing       | |  2.0
Dodging        | |  3.2

Action                   |  1- 3 |  4- 6 |  7- 9 || total
-------------------------+-------+-------+-------++-------
Melee: Trident           |    65 |   143 |   318 ||   526
       Headbutt          |     7 |    21 |    57 ||    85
Throw: Throwing net      |     1 |     2 |     1 ||     4
Invok: Heroism           |       |       |     3 ||     3
  Use: Scroll            |       |     5 |     7 ||    12
       Potion            |       |       |     2 ||     2
 Stab: Held in net/web   |       |     1 |       ||     1
  Eat: Chunk             |       |     7 |    10 ||    17
Armor: Leather armour    |    13 |       |       ||    13
       Chain mail        |       |    51 |    61 ||   112
       Plate armour      |       |       |    31 ||    31
Dodge: Dodged            |    19 |    51 |    92 ||   162
